 Dungeon Crawl Stone Soup version 0.26-a0-26-ge22fd8933b (webtiles) character file.

Game seed: 4535409614301429769, levelgen mode: deterministic

466437 RedPan the Brawler (level 23, -4/241 HPs)
             Began as a Troll Monk on May 26, 2020.
             Was the Champion of Yredelemnul.
             Slain by an iron troll (24 damage)
             ... summoned by a boggart
             ... on level 4 of the Depths on May 27, 2020.
             The game lasted 02:34:55 (46718 turns).

RedPan the Brawler (Troll Monk)                    Turns: 46718, Time: 02:34:56

Health: -4/241     AC: 34    Str: 25      XL:     23   Next: 16%
Magic:  20/31      EV: 15    Int:  8 (9)  God:    Yredelemnul [******]
Gold:   7276       SH: 17    Dex: 19      Spells: 21/22 levels left

rFire    x . .     SeeInvis +     - Unarmed
rCold    + + .     Gourm    +   I - +3 kite shield {reflect}
rNeg     . . .     Faith    .   B - +6 ice dragon scales
rPois    +         Spirit   .   U - +2 hat
rElec    .         Reflect  +   x - +2 cloak
rCorr    .         Harm     .   (gloves unavailable)
MR       +++..                  (boots unavailable)
Stlth    ..........             X - amulet of regeneration
HPRegen  1.30/turn              E - ring of see invisible
MPRegen  0.22/turn              S - ring of the Mage {Wiz MR++ Int+3}

@: hasted, wreathed by umbra, very quick
A: large, unfitting armour, claws 3, icy blue scales 1, thin metallic scales 1,
deterioration 1, fast metabolism 3, gourmand, poison resistance, regeneration 1,
shaggy fur 1, tough skin 3
}: 3/15 runes: barnacled, silver, gossamer
a: Recall Undead Slaves, Injury Mirror, Animate Dead, Drain Life, Enslave Soul,
Renounce Religion


You were on level 4 of the Depths.
You worshipped Yredelemnul.
Yredelemnul was exalted by your worship.
You were very full.

You visited 8 branches of the dungeon, and saw 40 of its levels.
You visited 1 bazaar.
You also visited: Sewer, Ossuary and Gauntlet.

You collected 7450 gold pieces.
You spent 174 gold pieces at shops.

Inventory:

Armour
 x - a +2 cloak (worn)
 B - +6 ice dragon scales (worn)
 I - a +3 kite shield of reflection (worn)
 U - a +2 hat (worn)
Jewellery
 c - the ring "Tim Xia" {rF+ rC+}
   (You found it on level 2 of the Depths)

   [ring of protection from cold]

   It protects you from fire.
   It protects you from cold.
 E - a ring of see invisible (left claw)
 R - the ring "Zepnysm" {rF+++ rN+++ MR- EV-4 Dex-2}
   (You found it in a Gauntlet)

   [ring of evasion]

   It affects your evasion (-4).
   It affects your dexterity (-2).
   It renders you almost immune to fire.
   It renders you almost immune to negative energy.
   It affects your resistance to hostile enchantments.
 S - the ring of the Mage (right claw) {Wiz MR++ Int+3}
   (You took it off a minotaur in a Gauntlet)

   [ring of wizardry]

   It improves your spell success rate.
   It affects your intelligence (+3).
   It affects your resistance to hostile enchantments.
 X - an amulet of regeneration (around neck)
 Z - an uncursed ring of protection from fire
Wands
 m - a wand of random effects (13)
 o - a wand of enslavement (12)
 r - a wand of flame (31)
 y - a wand of paralysis (61)
 A - a wand of digging (6)
 D - a wand of polymorph (10)
 F - a wand of iceblast (40)
 J - a wand of disintegration (95)
 T - a wand of clouds (3)
 Y - a wand of acid (18)
Scrolls
 a - 4 scrolls of magic mapping
 e - 4 scrolls of enchant armour
 p - 4 scrolls of blinking
 q - 22 scrolls of teleportation
 u - 18 scrolls of identify
 w - 4 scrolls of fear
 z - 26 scrolls of remove curse
 C - a scroll of enchant weapon
 G - 7 scrolls of fog
 H - 2 scrolls of summoning
 K - 5 scrolls of immolation
 L - 4 scrolls of vulnerability
 P - 4 scrolls of amnesia
 Q - a scroll of silence
Potions
 d - 7 potions of lignification
 f - 5 potions of stabbing
 g - a potion of brilliance
 h - 3 potions of magic
 i - 3 potions of mutation
 j - 2 potions of invisibility
 k - 7 potions of heal wounds
 l - 6 potions of curing
 n - 8 potions of flight
 s - 2 potions of haste
 t - 3 potions of resistance
 M - 2 potions of cancellation
 O - 7 potions of ambrosia
 V - 4 potions of might
Comestibles
 b - 52 rations
 v - 2 chunks of flesh


   Skills:
 + Level 16.6 Fighting
 + Level 14.1 Armour
 - Level 10.5 Dodging
 - Level 1.3 Stealth
 + Level 14.1 Shields
 + Level 20.8 Unarmed Combat
 - Level 12.0 Invocations


You had 21 spell levels left.
You knew the following spells:

 Your Spells              Type           Power        Failure   Level  Hunger
a - Beastly Appendage     Tmut           #.....       34%         1    ##.....

Your spell library contained the following spells:

 Spells                   Type           Power        Failure   Level  Hunger
 Animate Skeleton         Necr           N/A          34%         1    ##.....
 Apportation              Tloc           #.....       34%         1    ##.....
 Corona                   Hex            #......      34%         1    ##.....
 Foxfire                  Conj/Fire      #...         34%         1    ##.....
 Freeze                   Ice            #...         34%         1    ##.....
 Infusion                 Chrm           #...         34%         1    ##.....
 Magic Dart               Conj           #...         34%         1    ##.....
 Shock                    Conj/Air       #...         34%         1    ##.....
 Sting                    Tmut/Pois      #...         34%         1    ##.....
 Summon Butterflies       Summ           #.......     34%         1    ##.....
 Summon Small Mammal      Summ           #...         34%         1    ##.....
 Blink                    Tloc           N/A          45%         2    ###....
 Call Imp                 Summ           #.......     45%         2    ###....
 Corpse Rot               Necr/Air       N/A          45%         2    ###....
 Ensorcelled Hibernation  Hex/Ice        #.....       45%         2    ###....
 Passwall                 Tmut/Erth      #.......     45%         2    ###....
 Searing Ray              Conj           #.....       45%         2    ###....
 Shroud of Golubria       Chrm/Tloc      #.....       45%         2    ###....
 Slow                     Hex            #.......     45%         2    ###....
 Song of Slaying          Chrm           #.......     45%         2    ###....
 Sticks to Snakes         Tmut           #.......     45%         2    ###....
 Sublimation of Blood     Necr           #.........   45%         2    ###....
 Swiftness                Chrm/Air       #.......     45%         2    ###....
 Call Canine Familiar     Summ           #.......     69%         3    ####...
 Confusing Touch          Hex            #.......     69%         3    ####...
 Conjure Flame            Conj/Fire      #.......     69%         3    ####...
 Dazzling Flash           Conj/Hex       #.....       69%         3    ####...
 Frozen Ramparts          Ice            #.....       69%         3    ####...
 Gell's Gravitas          Tloc           #.........   69%         3    ####...
 Ignite Poison            Fire/Tmut/Pois #.......     69%         3    ####...
 Inner Flame              Hex/Fire       #.......     69%         3    ####...
 Lesser Beckoning         Tloc           #.........   69%         3    ####...
 Mephitic Cloud           Conj/Pois/Air  #.......     69%         3    ####...
 Ozocubu's Armour         Chrm/Ice       #.......     69%         3    ####...
 Spectral Weapon          Hex/Chrm       #.......     69%         3    ####...
 Spider Form              Tmut/Pois      #.........   69%         3    ####...
 Summon Guardian Golem    Hex/Summ       #.......     69%         3    ####...
 Tukima's Dance           Hex            #.......     69%         3    ####...
 Vampiric Draining        Necr           #.........   69%         3    ####...
 Dispel Undead            Necr           #.......     97%         4    #####..
 Fulminant Prism          Conj/Hex       #.........   97%         4    #####..
 Hailstorm                Conj/Ice       #.......     97%         4    #####..
 Ice Form                 Ice/Tmut       #.......     97%         4    #####..
 Iskenderun's Mystic Bla  Conj/Tloc      #.......     97%         4    #####..
 Passage of Golubria      Tloc           N/A          97%         4    #####..
 Petrify                  Tmut/Erth      #.......     97%         4    #####..
 Sticky Flame             Conj/Fire      #.......     97%         4    #####..
 Summon Ice Beast         Ice/Summ       #.......     97%         4    #####..
 Summon Lightning Spire   Summ/Air       #.......     97%         4    #####..
 Agony                    Necr           #.......     100%        5    ######.
 Alistair's Intoxication  Tmut/Pois      #.......     100%        5    ######.
 Blade Hands              Tmut           #.........   100%        5    ######.
 Bolt of Magma            Conj/Fire/Erth #.........   100%        5    ######.
 Borgnjor's Vile Clutch   Necr/Erth      #.........   100%        5    ######.
 Excruciating Wounds      Chrm/Necr      #.........   100%        5    ######.
 Fireball                 Conj/Fire      #.........   100%        5    ######.
 Irradiate                Conj/Tmut      #.........   100%        5    ######.
 Iskenderun's Battlesphe  Conj/Chrm      #.......     100%        5    ######.
 Lee's Rapid Deconstruct  Erth           #.........   100%        5    ######.
 Metabolic Englaciation   Hex/Ice        #.........   100%        5    ######.
 Silence                  Hex/Air        #.........   100%        5    ######.
 Yara's Violent Unravell  Hex/Tmut       #.........   100%        5    ######.
 Darkness                 Hex            #.........   100%        6    #######
 Eringya's Noxious Bog    Tmut/Pois      #.........   100%        6    #######
 Invisibility             Hex            #.......     100%        6    #######
 Iron Shot                Conj/Erth      #.........   100%        6    #######
 Shadow Creatures         Summ           N/A          100%        6    #######
 Simulacrum               Ice/Necr       #.........   100%        6    #######
 Starburst                Conj/Fire      #.........   100%        6    #######
 Haunt                    Necr/Summ      #.........   100%        7    #######
 Malign Gateway           Summ/Tloc      #.........   100%        7    #######
 Orb of Destruction       Conj           #.........   100%        7    #######
 Ring of Flames           Chrm/Fire      #.........   100%        7    #######
 Spellforged Servitor     Conj/Summ      #.........   100%        7    #######
 Borgnjor's Revivificati  Necr           #.........   100%        8    #######
 Death's Door             Chrm/Necr      #.........   100%        8    #######
 Ignition                 Fire           #.........   100%        8    #######
 Infestation              Necr           #.........   100%        8    #######
 Necromutation            Tmut/Necr      #.........   100%        8    #######


Dungeon Overview and Level Annotations

Branches:
Dungeon (15/15)            Temple (1/1) D:5            Lair (5/6) D:9
 Shoals (4/4) Lair:3       Spider (4/4) Lair:2          Orc (2/2) D:9
    Elf (0/3) Orc:2        Vaults (5/5) D:13          Crypt (0/3) Vaults:2
 Depths (4/5) D:15          Sewer (visited)         Ossuary (visited)
Gauntlet (visited)
  Slime: Lair:5-6

Altars:
Ashenzari
Cheibriados
Dithmenos
Elyvilon
Fedhas
Gozag
Hepliaklqana
Kikubaaqudgha
Makhleb
Nemelex Xobeh
Okawaru
Qazlal
Ru
Sif Muna
Trog
Uskayaw
Vehumet
Wu Jian
Xom
Yredelemnul
Zin
The Shining One

Shops:
D:4 (   D:6 ?   Orc:1 ?   Orc:2 :%?:   Vaults:2 (   Depths:3 (

Portals:
Hell: Depths:1 Depths:2 Depths:3
Abyss: Depths:3 Depths:4
Pandemonium: Depths:3
Ziggurat: Depths:2
Trove: D:15 (give horn of Geryon)

Annotations:
D:14 1 runed translucent door, Waqyscha's ghost, journeyman HuWn
Lair:4 2 runed translucent doors, Ceoqa's ghost, journeyman OgWz
Lair:5 exclusion: 5 oklob plants
Depths:4 3 runed translucent doors


Innate Abilities, Weirdness & Mutations

You are too large for most types of armour.
You have claws for hands.
Your metabolism is lightning-fast.
You like to eat raw meat.
Your natural rate of healing is unusually fast.
You are covered in fur. (AC +1)
You have extremely tough skin. (AC +3)
You are partially covered in icy blue scales. (AC +2)
You are partially covered in thin metallic scales. (AC +2)
Your body sometimes deteriorates upon taking damage.
Your system is resistant to poisons. (rPois)


Message History

Unknown command.
Unknown command.
You closely miss the boggart.
The boggart is lightly wounded.
You block the iron troll's attack. The iron troll claws you!!
* * * LOW HITPOINT WARNING * * *
The iron troll claws you but does no damage.
Unknown command.
Unknown command.
You barely miss the boggart.
The boggart is lightly wounded.
The stone giant hits your ghoul!!!
Your ghoul claws the stone giant but does no damage.
Your ghoul claws the stone giant.
The boggart hits your ghoul.
Unknown command.
You mangle the iron troll!!
The iron troll is heavily wounded.
The iron troll bites you!!
You die...
Your body rises from the dead as a mindless zombie.

#...AD.........$.#.n.#.#.#.
#....####........##.n#.#.#.
#....# ##$#..#.. #..n.....
#....#####.# .# ##.#n#.#.
####.##..)n# #.#n#.#n
#.##.##A# # ##.#n#n#
#.##.##n##.#.## #.#.#.#
#....CnAz.....# ##.#.#.
####.##@##.#..# #.#.#.
#...TTTn..... ##.#..
.......gg...... #.#.#
####........... ##..#
#............ #...
#.....###.#.. ##.. ......#
.. . # .......# #.


You could see an iron troll (summoned, fast, strong), a stone giant (summoned),
a deep troll earth mage (summoned, fast), a deep troll shaman (summoned), 2
boggarts, 2 friendly profane servitors, 4 friendly ghouls and a friendly
skeletal warrior.

Vanquished Creatures
  Mennas (Vaults:2)
  Mara (Depths:2)
  An ancient lich (Depths:2)
  2 juggernauts
  Margery (Vaults:3)
  A golden dragon (Depths:2)
  A lich (Depths:2)
  4 tentacled monstrosities
  3 titans
  2 quicksilver dragons
  Frances (Spider:1)
  3 shadow dragons
  6 tengu reavers
  A fire giant (Depths:3)
  A ghost moth (Spider:4)
  2 deep elf sorcerers
  5 emperor scorpions
  8 frost giants
  2 iron dragons
  An orc warlord (Vaults:4)
  9 vault wardens
  A deep elf elementalist (Vaults:5)
  11 ironheart preservers
  7 very ugly things
  A war gargoyle (Vaults:4)
  13 stone giants
  2 vampire knights
  2 spriggan defenders (Depths:2)
  An entropy weaver (Spider:4)
  A minotaur (Gauntlet)
  5 spark wasps
  2 deep elf annihilators
  Snorg (D:10)
  5 ettins
  2 merfolk javelineers (Shoals:4)
  A crystal guardian (Vaults:4)
  A deep elf death mage (Vaults:4)
  7 fire dragons
  6 rakshasas
  A merfolk impaler (Shoals:4)
  Erolcha (D:9)
  4 yaktaur captains
  7 ice dragons
  4 great orbs of eyes
  16 vault guards
  A spriggan air mage (Depths:2)
  A catoblepas (Lair:5)
  9 ogre magi
  23 two-headed ogres
  2 merfolk avatars (Shoals:4)
  4 centaur warriors
  A merfolk aquamancer (Shoals:1)
  A satyr (Shoals:4)
  A dancing weapon (Vaults:5)
  A vampire mage (Depths:2)
  7 deep troll earth magi
  3 spriggan berserkers
  8 deep troll shamans
  3 tengu warriors
  12 hell knights
  2 skeletal warriors (Vaults:2)
  4 iron trolls
  A deep elf knight (Vaults:4)
  2 shadow wraiths
  A flayed ghost (Vaults:3)
  3 unseen horrors
  4 sea snakes
  2 phantasmal warriors
  9 ironbrand convokers
  15 deep trolls
  17 harpies
  A deep elf archer (Vaults:1)
  A golden dragon skeleton (Vaults:5)
  3 wizards
  8 necromancers
  2 orb spiders (Spider:4)
  2 oklob plants
  27 ugly things
  21 wolf spiders
  11 orc knights
  A faun (shapeshifter) (Vaults:2)
  2 orc sorcerers
  5 deep elf magi
  3 fauns
  5 cyclopes
  5 vault sentinels
  3 manticores
  5 slime creatures
  3 human skeletons (Vaults:4)
  3 moths of wrath
  3 merfolk sirens
  A frost giant skeleton (Vaults:5)
  2 gargoyles
  A black mamba (Lair:5)
  2 water nymphs
  3 torpor snails
  38 yaktaurs
  4 spiny frogs
  3 freezing wraiths
  2 tengu conjurers
  4 rime drakes
  A komodo dragon (Lair:1)
  A komodo dragon (shapeshifter) (Depths:2)
  7 merfolk
  A queen bee (Gauntlet)
  3 trolls
  6 demonic crawlers
  13 jumping spiders
  A harpy zombie (D:13)
  7 hornets
  A wind drake (shapeshifter) (Vaults:4)
  A wind drake (Shoals:1)
  2 dream sheep (shapeshifter)
  A hornet (shapeshifter) (Depths:2)
  5 hippogriffs
  5 dream sheep
  An ettin zombie (Vaults:5)
  3 human simulacra (Vaults:3)
  5 snapping turtles
  An ettin skeleton (Vaults:4)
  A hippogriff (shapeshifter) (D:15)
  2 spriggans (shapeshifter)
  A centaur simulacrum (D:14)
  Sigmund (D:3)
  30 redbacks
  5 water elementals
  A vampire (D:12)
  11 tarantellas
  2 spriggans
  5 wraiths
  A hog (D:9)
  A fire elemental (D:11)
  A human (D:9)
  A hungry ghost (D:11)
  Eustachio (D:5)
  17 yaks
  A soldier ant (shapeshifter) (Depths:3)
  2 wargs
  9 water moccasins
  Duvessa (D:4)
  13 porcupines
  2 black bears
  5 sky beasts
  A phantom (D:5)
  35 orc warriors
  A human zombie (Vaults:3)
  An ettin simulacrum (Vaults:5)
  3 boggarts
  A wolf (Lair:2)
  31 ogres
  14 centaurs
  2 crocodiles
  3 big kobolds
  13 bullfrogs
  Dowan (D:4)
  5 wights
  17 killer bees
  An electric eel (Lair:1)
  5 crimson imps
  3 bullfrog zombies (Ossuary)
  2 centaur skeletons
  2 centaur zombies
  A hound (D:11)
  5 jellies
  15 orc priests
  Crazy Yiuf (D:4)
  15 orc wizards
  Jessica (D:2)
  3 iguanas
  7 worker ants
  A killer bee zombie (Ossuary)
  5 hound zombies
  A hound skeleton (D:9)
  12 mummies (Ossuary)
  A howler monkey zombie (Ossuary)
  7 worker ant zombies
  11 adders
  A river rat (Sewer)
  2 shadow imps
  13 oozes
  2 adder zombies
  3 adder skeletons
  6 worms
  2 dart slugs (D:2)
  7 leopard geckos
  67 orcs
  2 bats
  5 giant cockroaches
  4 goblins
  6 hobgoblins
  11 jackals
  4 quokkas
  5 frilled lizards
  2 giant cockroach zombies (Ossuary)
  A jackal skeleton (D:6)
  3 jackal zombies
  13 kobolds
  A leopard gecko skeleton (D:7)
  2 quokka zombies (Ossuary)
  5 rats
  A bush (Lair:4)
1043 creatures vanquished.

Vanquished Creatures (collateral kills)
  An ancient lich (Vaults:5)
  A juggernaut (Depths:1)
  Frederick (Vaults:4)
  A golden dragon (Vaults:5)
  Nikola (Shoals:4)
  2 tentacled monstrosities
  2 liches (Vaults:5)
  A quicksilver dragon (Depths:3)
  3 sphinxes
  5 storm dragons
  6 tengu reavers
  2 shadow dragons
  3 fire giants
  A deep elf sorcerer (Vaults:4)
  An iron dragon (Depths:4)
  4 frost giants
  2 orc warlords (Orc:1)
  2 deep elf elementalists (Vaults:5)
  3 emperor scorpions
  6 vault wardens
  2 spriggan defenders (Depths:2)
  3 war gargoyles (Vaults:5)
  6 ironheart preservers
  5 stone giants
  17 very ugly things
  A vampire knight (Depths:2)
  4 entropy weavers
  2 deep elf annihilators
  4 merfolk javelineers
  9 ettins
  A deep elf death mage (Vaults:5)
  6 fire dragons
  4 merfolk impalers
  3 yaktaur captains
  Josephine (Spider:1)
  2 rakshasas
  2 great orbs of eyes
  Harold (D:7)
  2 hydras
  3 merfolk avatars
  A spriggan air mage (Depths:3)
  6 ice dragons
  16 vault guards
  An alligator snapping turtle (Shoals:4)
  4 centaur warriors
  14 two-headed ogres
  2 dancing weapons (Vaults:5)
  5 tengu warriors
  3 merfolk aquamancers
  3 deep troll shamans
  4 ogre magi
  A shock serpent (shapeshifter) (Vaults:4)
  3 deep troll earth magi
  3 spriggan berserkers
  5 deep elf knights
  An iron troll (Depths:3)
  2 hell knights (Depths:2)
  2 skeletal warriors
  A storm dragon skeleton (Vaults:3)
  7 sea snakes
  2 swamp dragons (shapeshifter)
  An unseen horror (shapeshifter) (Depths:2)
  An unseen horror (Vaults:1)
  A flayed ghost (Depths:1)
  A wizard (Vaults:2)
  3 deep elf archers
  12 deep trolls
  A glowing orange brain (Depths:2)
  9 ironbrand convokers
  6 harpies
  2 necromancers
  7 deep elf magi
  19 orb spiders
  6 fauns (Shoals:2)
  7 orc knights
  A fire giant zombie (Vaults:5)
  23 ugly things
  3 manticores
  4 orc sorcerers
  A tengu skeleton (Vaults:5)
  A frost giant zombie (Vaults:3)
  7 oklob plants
  3 cyclopes
  17 wolf spiders
  2 slime creatures (Depths:1)
  A centaur zombie (D:15)
  An ice statue (Shoals:4)
  A stone giant skeleton (Vaults:5)
  6 merfolk sirens
  9 vault sentinels
  A guardian serpent (shapeshifter) (Vaults:3)
  An eye of devastation (shapeshifter) (Vaults:5)
  5 water nymphs
  Maurice (D:10)
  2 black mambas
  A torpor snail (Spider:4)
  A spiny frog (Lair:1)
  A gargoyle (D:15)
  A kobold demonologist (D:12)
  4 freezing wraiths
  19 yaktaurs
  5 demonic crawlers
  2 komodo dragons
  2 tengu conjurers
  A troll (shapeshifter) (D:14)
  14 jumping spiders
  5 trolls
  24 merfolk
  A polar bear (shapeshifter) (Vaults:3)
  4 hornets
  A polar bear (Lair:3)
  2 wind drakes (Shoals:4)
  Prince Ribbit (D:8)
  4 blink frogs
  A blink frog (shapeshifter) (Vaults:3)
  2 raiju (shapeshifter)
  An ettin zombie (Vaults:5)
  10 snapping turtles
  5 hippogriffs
  A stone giant simulacrum (Vaults:3)
  16 dream sheep
  33 redbacks
  12 tarantellas
  2 spriggans (Depths:3)
  2 spriggans (shapeshifter)
  A shadow (D:15)
  A tarantella (shapeshifter) (Vaults:1)
  2 wraiths
  11 yaks
  5 water elementals
  3 basilisks
  A vampire mosquito (D:13)
  3 hogs (D:9)
  A basilisk (shapeshifter) (Vaults:4)
  2 hungry ghosts
  5 wargs
  A swamp worm (shapeshifter) (Depths:2)
  4 acid dragons
  5 water moccasins
  A floating eye (Depths:2)
  2 human zombies
  7 porcupines
  2 ice beasts
  35 orc warriors
  A black bear (D:10)
  15 ogres
  4 boggarts
  18 centaurs
  4 crocodiles
  A big kobold (D:11)
  8 bullfrogs
  An earth elemental (D:11)
  A human skeleton (Vaults:4)
  2 killer bees (D:9)
  2 wights (D:12)
  2 howler monkeys (D:11)
  An electric eel (Spider:1)
  3 crimson imps
  A bullfrog zombie (D:11)
  A hound (D:13)
  A human simulacrum (Vaults:1)
  4 jellies
  7 orc wizards
  7 orc priests
  An iron imp (Depths:3)
  2 centaur skeletons
  2 bullfrog skeletons
  3 worker ants
  An ogre zombie (Vaults:2)
  3 shadow imps
  10 oozes (Lair:2)
  57 orcs
  A jackal (D:11)
  4 kobolds
  2 orc zombies (Vaults:2)
  2 bushes
  2 crawling corpses (Vaults:5)
  19 fungi
  34 plants
875 creatures vanquished.

Vanquished Creatures (others)
  A golden dragon (Depths:4)
  2 bone dragons
  3 ghouls
  A spectral fire dragon (Depths:4)
  7 vampire knights
  A very ugly thing zombie (Depths:1)
  A spectral human (Vaults:5)
  A storm dragon skeleton (Vaults:5)
  7 skeletal warriors
  An entropy weaver zombie (Spider:4)
  3 flayed ghosts
  12 phantasmal warriors
  4 wolf spider zombies
  An ugly thing zombie (Depths:1)
  A stone giant zombie (Depths:1)
  A frost giant zombie (Depths:1)
  A stone giant skeleton (Vaults:5)
  A vault sentinel (Vaults:5)
  4 redback zombies (Spider:4)
  A demonic crawler (Spider:4)
  A ghoul skeleton (Vaults:5)
  A fire dragon zombie (Vaults:4)
  A jumping spider zombie (Spider:4)
  4 tarantella zombies (Spider:4)
  3 ice dragon zombies (Depths:1)
  7 flying skulls
  An air elemental (D:11)
  2 wraiths
  8 vampires
  A spriggan (Depths:4)
  A wind drake zombie (Shoals:4)
  A water elemental (D:11)
  4 ogre zombies
  2 deep troll zombies (Depths:3)
  4 two-headed ogre zombies
  A manticore zombie (Shoals:1)
  A snapping turtle zombie (Shoals:4)
  A merfolk zombie (Shoals:4)
  A snapping turtle skeleton (Shoals:4)
  2 dream sheep zombies (Shoals:4)
  2 human skeletons
  A hippogriff zombie (Shoals:4)
  15 human zombies
  7 yaktaur zombies
  A yaktaur skeleton (Depths:1)
  A warg zombie (Vaults:2)
  4 wights
  An ogre skeleton (Vaults:1)
  A mummy (Spider:1)
  2 orc skeletons (Orc:2)
  An orc (Vaults:4)
  9 orc zombies
  4 demonic plants (Gauntlet)
  7 fungi
  14 plants
  2 withered plants (Ossuary)
173 creatures vanquished.

Grand Total: 2091 creatures vanquished

Notes
Turn   | Place    | Note
-------+----------+-------------------------------------------
     0 | D:1      | RedPan the Troll Monk began the quest for the Orb.
     0 | D:1      | Reached XP level 1. HP: 22/22 MP: 0/0
    67 | D:1      | Reached XP level 2. HP: 19/29 MP: 1/1
   361 | D:1      | Reached XP level 3. HP: 36/36 MP: 2/2
  1062 | D:2      | Reached skill level 4 in Unarmed Combat
  1062 | D:2      | Reached XP level 4. HP: 44/44 MP: 3/3
  1079 | D:2      | Noticed Jessica
  1099 | D:2      | Killed Jessica
  1420 | D:2      | Found a shimmering altar of Xom.
  1422 | D:2      | Found an ornate altar of the Wu Jian Council.
  1422 | D:2      | Found a shattered altar of Ashenzari.
  1435 | D:2      | Found a snail-covered altar of Cheibriados.
  1435 | D:2      | Found a blossoming altar of Fedhas.
  1435 | D:2      | Found a shattered altar of Ashenzari.
  1823 | D:3      | Reached XP level 5. HP: 49/50 MP: 4/4
  1875 | D:3      | Found a glowing drain.
  1879 | D:3      | Reached skill level 5 in Unarmed Combat
  1891 | Sewer    | Entered a sewer
  2024 | Sewer    | Found a glowing silver altar of Zin.
  2160 | D:3      | Noticed a black bear
  2178 | D:3      | Reached skill level 6 in Unarmed Combat
  2178 | D:3      | Reached XP level 6. HP: 54/59 MP: 5/5
  2254 | D:3      | Noticed Sigmund
  2268 | D:3      | Killed Sigmund
  2268 | D:3      | Reached skill level 7 in Unarmed Combat
  2268 | D:3      | Reached XP level 7. HP: 59/66 MP: 6/6
  2580 | D:4      | Reached skill level 8 in Unarmed Combat
  2740 | D:4      | Found Ukhiwut's Antique Weapon Emporium.
  2790 | D:4      | Noticed Duvessa
  2791 | D:4      | Noticed Dowan
  2802 | D:4      | Killed Duvessa
  2807 | D:4      | Killed Dowan
  3150 | D:4      | Found a runed translucent door.
  3151 | D:4      | Noticed Crazy Yiuf
  3185 | D:4      | Killed Crazy Yiuf
  3185 | D:4      | Reached skill level 9 in Unarmed Combat
  3249 | D:5      | Entered Level 5 of the Dungeon
  3310 | D:5      | Found a sparkling altar of Nemelex Xobeh.
  3318 | D:5      | Found a staircase to the Ecumenical Temple.
  3327 | Temple   | Entered the Ecumenical Temple
  3594 | Temple   | Became a worshipper of Yredelemnul the Dark
  3594 | Temple   | Reached * piety under Yredelemnul
  3594 | Temple   | Reached ** piety under Yredelemnul
  3609 | D:5      | Noticed Eustachio
  3629 | D:5      | Reached skill level 1 in Invocations
  3641 | D:5      | Killed Eustachio
  3641 | D:5      | Reached XP level 8. HP: 70/74 MP: 6/8
  4194 | D:5      | Found a snail-covered altar of Cheibriados.
  4194 | D:5      | Found a stormy altar of Qazlal.
  4195 | D:5      | Found a shadowy altar of Dithmenos.
  4577 | D:6      | Found an ornate altar of the Wu Jian Council.
  4697 | D:6      | Found Visegyg's Magic Scroll Shop.
  4719 | D:6      | Bought a scroll of identify for 28 gold pieces
  4719 | D:6      | Bought a scroll of identify for 28 gold pieces
  4719 | D:6      | Bought a scroll of identify for 28 gold pieces
  4779 | D:6      | Reached skill level 10 in Unarmed Combat
  4894 | D:6      | Found a hazy altar of Hepliaklqana.
  5151 | D:6      | Found a glowing golden altar of the Shining One.
  5360 | D:7      | Reached *** piety under Yredelemnul
  5365 | D:7      | Reached XP level 9. HP: 67/81 MP: 11/11
  5397 | D:7      | Found a sand-covered staircase.
  5411 | Ossuary  | Entered an ossuary
  5839 | D:7      | Reached **** piety under Yredelemnul
  5958 | D:7      | Reached skill level 5 in Invocations
  5958 | D:7      | Noticed Harold
  5965 | D:7      | Killed Harold
  6036 | D:7      | Found a radiant altar of Vehumet.
  6067 | D:7      | Found an ancient bone altar of Kikubaaqudgha.
  6114 | D:7      | Received a gift from Yredelemnul (3 flying skulls)
  6790 | D:8      | Reached skill level 11 in Unarmed Combat
  6790 | D:8      | Reached XP level 10. HP: 89/94 MP: 13/13
  6893 | D:8      | Received a gift from Yredelemnul (2 flying skulls)
  6921 | D:8      | Noticed Prince Ribbit
  6929 | D:8      | Killed Prince Ribbit
  6929 | D:8      | Reached skill level 5 in Dodging
  7426 | D:8      | Reached skill level 5 in Fighting
  7448 | D:8      | Found a radiant altar of Vehumet.
  7722 | D:8      | Received a gift from Yredelemnul (a wight)
  7896 | D:9      | Found a burning altar of Makhleb.
  7973 | D:9      | Received a gift from Yredelemnul (a mummy)
  8002 | D:9      | Found a glowing silver altar of Zin.
  8080 | D:9      | Found a staircase to the Orcish Mines.
  8175 | D:9      | Received a gift from Yredelemnul (a wight)
  8292 | D:9      | Found an iron altar of Okawaru.
  8480 | D:9      | Noticed Erolcha
  8489 | D:9      | Killed Erolcha
  8492 | D:9      | Received a gift from Yredelemnul (a wight)
  8750 | D:9      | Found a hide-covered altar of Uskayaw.
  8885 | D:9      | Found a staircase to the Lair.
  8933 | D:10     | Entered Level 10 of the Dungeon
  8976 | D:10     | Reached XP level 11. HP: 101/105 MP: 15/15
  9042 | D:10     | Noticed Snorg
  9051 | D:10     | Received a gift from Yredelemnul (a wraith)
  9052 | D:10     | Noticed an unseen horror
  9054 | D:10     | Killed Snorg
  9059 | D:10     | Killed an unseen horror
  9166 | D:10     | Noticed Maurice
  9173 | D:10     | Killed Maurice
  9207 | D:10     | Found a glowing golden altar of the Shining One.
  9213 | D:10     | Received a gift from Yredelemnul (a wight)
  9224 | D:10     | Reached skill level 12 in Unarmed Combat
  9509 | D:10     | Learned a level 1 spell: Beastly Appendage
  9543 | D:11     | Noticed a green ugly thing
  9551 | D:11     | Killed a green ugly thing
  9591 | D:11     | Noticed a two-headed ogre
  9594 | D:11     | Received a gift from Yredelemnul (a phantasmal warrior)
  9599 | D:11     | Killed a two-headed ogre
  9927 | D:11     | Found a large runed translucent door.
  9927 | D:11     | Found a large runed translucent door.
 10710 | Lair:1   | Entered Level 1 of the Lair of Beasts
 10877 | Lair:1   | Reached ***** piety under Yredelemnul
 11469 | Lair:1   | Reached XP level 12. HP: 91/118 MP: 17/17
 11896 | Lair:2   | Received a gift from Yredelemnul (a phantasmal warrior)
 11905 | Lair:2   | Found a hole to the Spider Nest.
 12224 | Lair:2   | Reached skill level 13 in Unarmed Combat
 12442 | Lair:2   | Received a gift from Yredelemnul (2 flying skulls)
 12805 | Lair:3   | You fall into a shaft and drop 2 floors!
 13058 | Lair:5   | Noticed a catoblepas
 13067 | Lair:5   | Killed a catoblepas
 13147 | Lair:5   | Received a gift from Yredelemnul (a phantasmal warrior)
 14067 | Lair:4   | Noticed an eight-headed hydra
 14075 | Lair:4   | Killed an eight-headed hydra
 14086 | Lair:4   | Received a gift from Yredelemnul (a phantasmal warrior)
 14281 | Lair:4   | Found a large runed translucent door.
 14282 | Lair:4   | Found a large runed translucent door.
 14283 | Lair:4   | Noticed Ceoqa's ghost (journeyman OgWz)
 14903 | Lair:3   | Found a staircase to the Shoals.
 15163 | Lair:3   | Reached XP level 13. HP: 127/131 MP: 18/18
 16119 | D:12     | Received a gift from Yredelemnul (a skeletal warrior)
 16179 | D:12     | Reached skill level 14 in Unarmed Combat
 16187 | D:12     | Reached ****** piety under Yredelemnul
 16905 | D:13     | Received a gift from Yredelemnul (a vampire)
 17122 | D:13     | Received a gift from Yredelemnul (a wraith)
 17368 | D:13     | Found a gate to the Vaults.
 17368 | D:13     | Noticed an ironheart preserver
 17380 | D:13     | Killed an ironheart preserver
 17862 | D:14     | Found a bloodstained altar of Trog.
 17891 | D:14     | Received a gift from Yredelemnul (a vampire)
 18050 | D:14     | Found a gate leading to a gauntlet.
 18067 | Gauntlet | Entered a Gauntlet
 18067 | Gauntlet | Found a transporter.
 18075 | Gauntlet | Found a transporter.
 18076 | Gauntlet | Found a transporter.
 18085 | Gauntlet | Found a transporter.
 18087 | Gauntlet | Found a transporter.
 18097 | Gauntlet | Found a transporter.
 18113 | Gauntlet | Found a transporter.
 18126 | Gauntlet | Found a transporter.
 18136 | Gauntlet | Found a transporter.
 18139 | Gauntlet | Noticed a dire elephant
 18148 | Gauntlet | Found a transporter.
 18148 | Gauntlet | Found a transporter.
 18166 | Gauntlet | Found a transporter.
 18171 | Gauntlet | Found a transporter.
 18173 | Gauntlet | Found a transporter.
 18218 | Gauntlet | Found a runed translucent door.
 18269 | Gauntlet | Reached skill level 10 in Dodging
 18399 | Gauntlet | Got a bound amber ring
 18466 | Gauntlet | Identified the cursed ring "Zepnysm" {rF+++ rN+++ MR- EV-4
                  | Dex-2} (You found it in a Gauntlet)
 18483 | Gauntlet | Identified the +4 fustibalus "Linikk" {venom, rC++ Str+3}
 18483 | Gauntlet | Noticed a minotaur
 18490 | Gauntlet | Killed a minotaur
 18592 | D:14     | Reached skill level 10 in Fighting
 18954 | D:14     | Found a runed translucent door.
 18954 | D:14     | Noticed Waqyscha's ghost (journeyman HuWn)
 19035 | D:15     | Entered Level 15 of the Dungeon
 19044 | D:15     | Found a portal to a secret trove of treasure.
 19125 | D:15     | Received a gift from Yredelemnul (a phantasmal warrior)
 19383 | D:15     | Found a staircase to the Depths.
 19564 | D:15     | Received a gift from Yredelemnul (a profane servitor)
 19573 | D:15     | Reached XP level 14. HP: 112/143 MP: 20/20
 19587 | D:15     | Received a gift from Yredelemnul (a profane servitor)
 19661 | D:15     | Reached skill level 1 in Armour
 20141 | D:15     | Received a gift from Yredelemnul (a bone dragon)
 20486 | Orc:1    | Entered Level 1 of the Orcish Mines
 20504 | Orc:1    | Received a gift from Yredelemnul (a ghoul)
 20532 | Orc:1    | Found Cenlaphy's Magic Scroll Emporium.
 20768 | Orc:1    | Noticed Urug
 20779 | Orc:1    | Killed Urug
 20779 | Orc:1    | Enslaved Urug
 20817 | Orc:1    | Paralysed by an orc sorcerer for 5 turns
 20948 | Orc:1    | Reached skill level 1 in Shields
 20998 | Orc:1    | Noticed an orc warlord
 21000 | Orc:1    | Noticed an orc warlord
 21012 | Orc:1    | Killed an orc warlord
 21016 | Orc:1    | Killed an orc warlord
 21016 | Orc:1    | Reached skill level 10 in Invocations
 21026 | Orc:1    | Received a gift from Yredelemnul (a flayed ghost)
 21444 | Orc:2    | Entered Level 2 of the Orcish Mines
 21448 | Orc:2    | Reached skill level 15 in Unarmed Combat
 21540 | Orc:2    | Received a gift from Yredelemnul (a vampire)
 21554 | Orc:2    | Received a gift from Yredelemnul (a vampire knight)
 21889 | Orc:2    | Found a staircase to the Elven Halls.
 21939 | Orc:2    | Noticed Donald
 21949 | Orc:2    | Killed Donald
 21949 | Orc:2    | Enslaved Donald
 22295 | Orc:2    | Found Dotzy's Magic Scroll Emporium.
 22295 | Orc:2    | Found Offuv's Food Boutique.
 22297 | Orc:2    | Found Ofiq's Book Shop.
 22299 | Orc:2    | Found Ezydgheo's Book Shoppe.
 22303 | Orc:2    | Bought a scroll of teleportation for 36 gold pieces
 22468 | Spider:1 | Entered Level 1 of the Spider Nest
 22493 | Spider:1 | Noticed Josephine
 22501 | Spider:1 | Killed Josephine
 22503 | Spider:1 | Received a gift from Yredelemnul (a vampire knight)
 22734 | Spider:1 | Noticed an entropy weaver
 22736 | Spider:1 | Received a gift from Yredelemnul (a vampire)
 22743 | Spider:1 | Killed an entropy weaver
 22880 | Spider:1 | Noticed an entropy weaver
 22888 | Spider:1 | Killed an entropy weaver
 22988 | Spider:1 | Noticed Frances
 22993 | Spider:1 | Gained mutation: Your body sometimes deteriorates upon
                  | taking damage. [a neqoxec]
 22999 | Spider:1 | Received a gift from Yredelemnul (a vampire)
 23003 | Spider:1 | Killed Frances
 23260 | Spider:1 | Noticed an emperor scorpion
 23266 | Spider:1 | Killed an emperor scorpion
 23367 | Spider:2 | Reached XP level 15. HP: 119/153 MP: 16/21
 24305 | Spider:3 | Received a gift from Yredelemnul (a skeletal warrior)
 24725 | Spider:4 | Entered Level 4 of the Spider Nest
 24765 | Spider:4 | Reached skill level 5 in Armour
 25336 | Spider:4 | Received a gift from Yredelemnul (a ghoul)
 25475 | Spider:4 | Reached skill level 5 in Shields
 25484 | Spider:4 | Received a gift from Yredelemnul (a phantasmal warrior)
 25849 | Spider:4 | Received a gift from Yredelemnul (a phantasmal warrior)
 26338 | Spider:4 | Received a gift from Yredelemnul (a vampire knight)
 26562 | Spider:4 | Reached skill level 16 in Unarmed Combat
 26572 | Spider:4 | Noticed a ghost moth
 26574 | Spider:4 | Killed a ghost moth
 26720 | Spider:4 | Got a gossamer rune of Zot
 26934 | Shoals:1 | Entered Level 1 of the Shoals
 27163 | Shoals:1 | Reached XP level 16. HP: 145/165 MP: 23/23
 27344 | Shoals:1 | HP: 7/165 [water elemental (10)]
 27347 | Shoals:1 | HP: 2/165 [drowned by a water elemental (6)]
 27355 | Shoals:1 | HP: 5/165 [snapping turtle (6)]
 27669 | Shoals:1 | Received a gift from Yredelemnul (a phantasmal warrior)
 28499 | Shoals:3 | Received a gift from Yredelemnul (a phantasmal warrior)
 28925 | Shoals:4 | Entered Level 4 of the Shoals
 28927 | Shoals:4 | Found a flickering gateway to a bazaar.
 28966 | Bazaar   | Entered a bazaar
 28984 | Bazaar   | Found Elemoeq's Gadget Shoppe.
 28999 | Bazaar   | Found Gevemm's Magic Scroll Shoppe.
 29003 | Bazaar   | Bought a scroll of teleportation for 27 gold pieces
 29003 | Bazaar   | Bought a scroll of teleportation for 27 gold pieces
 29014 | Bazaar   | Found Ziloedun's Armour Shoppe.
 29217 | Shoals:4 | Received a gift from Yredelemnul (a vampire)
 29221 | Shoals:4 | Got a barnacled rune of Zot
 29382 | Shoals:4 | Noticed Nikola
 29494 | Shoals:4 | Killed Nikola
 29779 | Shoals:4 | Received a gift from Yredelemnul (a vampire)
 30423 | Vaults:1 | Entered Level 1 of the Vaults
 30496 | Vaults:1 | Received a gift from Yredelemnul (a vampire knight)
 30758 | Vaults:1 | Reached XP level 17. HP: 169/175 MP: 25/25
 31467 | Vaults:1 | Reached skill level 17 in Unarmed Combat
 31916 | Vaults:1 | Received a gift from Yredelemnul (a vampire knight)
 32248 | Vaults:1 | Received a gift from Yredelemnul (a ghoul)
 32811 | Vaults:2 | Noticed Mennas
 32874 | Vaults:2 | Killed Mennas
 33206 | Vaults:2 | Received a gift from Yredelemnul (a skeletal warrior)
 33314 | Vaults:2 | Received a gift from Yredelemnul (a skeletal warrior)
 33492 | Vaults:2 | Found Olafoc's Weapon Shop.
 33564 | Vaults:2 | Found a staircase to the Crypt.
 33564 | Vaults:2 | Found a basalt altar of Yredelemnul.
 33565 | Vaults:2 | Found an ancient bone altar of Kikubaaqudgha.
 33600 | Vaults:2 | Received a gift from Yredelemnul (a ghoul)
 33719 | Vaults:2 | Reached XP level 18. HP: 187/187 MP: 26/26
 34152 | Vaults:2 | Lost mutation: Your body sometimes deteriorates upon taking
                  | damage. [potion of mutation]
 34152 | Vaults:2 | Gained mutation: Your body sometimes deteriorates upon
                  | taking damage. [potion of mutation]
 34152 | Vaults:2 | Gained mutation: You are partially covered in icy blue
                  | scales. (AC +2) [potion of mutation]
 34152 | Vaults:2 | Gained mutation: Your system is resistant to poisons.
                  | (rPois) [potion of mutation]
 34152 | Vaults:2 | Gained mutation: You are partially covered in thin metallic
                  | scales. (AC +2) [potion of mutation]
 34314 | Vaults:3 | Noticed Margery
 34333 | Vaults:3 | Killed Margery
 34810 | Vaults:3 | Received a gift from Yredelemnul (a phantasmal warrior)
 35240 | Vaults:3 | Reached skill level 10 in Armour
 35598 | Vaults:3 | Received a gift from Yredelemnul (a skeletal warrior)
 36316 | Vaults:4 | Noticed Frederick
 36328 | Vaults:4 | Killed Frederick
 36328 | Vaults:4 | Reached skill level 18 in Unarmed Combat
 36355 | Vaults:4 | Reached skill level 10 in Shields
 36730 | Vaults:4 | Identified a scroll of acquirement
 36924 | Vaults:4 | Received a gift from Yredelemnul (a skeletal warrior)
 37138 | Vaults:4 | Received a gift from Yredelemnul (a vampire knight)
 37273 | Vaults:4 | Reached XP level 19. HP: 155/197 MP: 27/27
 37956 | Vaults:5 | Entered Level 5 of the Vaults
 39303 | Vaults:5 | Noticed a lich
 39314 | Vaults:5 | Killed a lich
 39317 | Vaults:5 | Noticed a golden dragon
 39484 | Vaults:5 | Killed a golden dragon
 39491 | Vaults:5 | Received a gift from Yredelemnul (a skeletal warrior)
 39497 | Vaults:5 | Your ally Donald died
 39751 | Vaults:5 | Noticed an ancient lich
 39757 | Vaults:5 | Killed an ancient lich
 39800 | Vaults:4 | Reached skill level 19 in Unarmed Combat
 40007 | Vaults:5 | Got a transparent lapis lazuli ring
 40008 | Vaults:5 | Identified the ring of Qabekill {Ice Dex+2} (You found it
                  | on level 5 of the Vaults)
 40324 | Vaults:5 | Reached XP level 20. HP: 199/209 MP: 28/28
 40328 | Vaults:5 | Reached skill level 15 in Fighting
 40677 | Vaults:5 | Got a silver rune of Zot
 40694 | Vaults:5 | Identified the Collected Works on Cloudy Sinister Rituals
 40696 | Vaults:5 | Identified the Guide on Calling
 40807 | Vaults:5 | Received a gift from Yredelemnul (a skeletal warrior)
 41557 | Depths:1 | Entered Level 1 of the Depths
 41672 | Depths:1 | Received a gift from Yredelemnul (a phantasmal warrior)
 41844 | Depths:1 | Received a gift from Yredelemnul (a skeletal warrior)
 41997 | Depths:1 | You fall into a shaft and drop 1 floor!
 42002 | Depths:2 | Received a gift from Yredelemnul (a phantasmal warrior)
 42003 | Depths:2 | Noticed an ancient lich
 42016 | Depths:2 | Killed an ancient lich
 42118 | Depths:2 | Received a gift from Yredelemnul (a flayed ghost)
 42311 | Depths:2 | Noticed a juggernaut
 42324 | Depths:2 | Killed a juggernaut
 42527 | Depths:2 | Received a gift from Yredelemnul (a vampire)
 42536 | Depths:2 | Noticed a golden dragon
 42543 | Depths:2 | Killed a golden dragon
 42621 | Depths:2 | Paralysed by a floating eye for 2 turns
 42635 | Depths:2 | Paralysed by a floating eye for 2 turns
 42638 | Depths:2 | Reached XP level 21. HP: 129/221 MP: 23/29
 42642 | Depths:2 | Received a gift from Yredelemnul (a bone dragon)
 42712 | Depths:2 | Identified Dimosu Jaami's Collected Works on Heat
 42854 | Depths:2 | Received a gift from Yredelemnul (a ghoul)
 42878 | Depths:2 | Reached XP level 22. HP: 230/230 MP: 30/30
 43036 | Depths:2 | Reached skill level 20 in Unarmed Combat
 43240 | Depths:2 | Got a brightly glowing granite ring
 43291 | Depths:2 | Found a gateway to Hell.
 43336 | Depths:2 | Found a gateway to a ziggurat.
 43383 | Depths:2 | Noticed Mara
 43384 | Depths:2 | Noticed Mara
 43384 | Depths:2 | Noticed Mara
 43397 | Depths:2 | Noticed RedPan's illusion
 43403 | Depths:2 | Killed Mara
 43713 | Depths:2 | Received a gift from Yredelemnul (a flayed ghost)
 44226 | Depths:1 | Received a gift from Yredelemnul (a ghoul)
 44369 | Depths:1 | Noticed a juggernaut
 44376 | Depths:1 | Killed a juggernaut
 44682 | Depths:2 | Upgraded the game from 0.26-a0-21-gf97e55dc39 to
                  | 0.26-a0-26-ge22fd8933b
 44875 | Depths:3 | Found a one-way gate leading to the halls of Pandemonium.
 44925 | Depths:3 | Found Hyj Song's Weapon Emporium.
 44946 | Depths:3 | Identified the ring "Tim Xia" {rF+ rC+} (You found it on
                  | level 2 of the Depths)
 44959 | Depths:3 | Received a gift from Yredelemnul (a ghoul)
 45232 | Depths:3 | Noticed Xtahua
 45242 | Depths:3 | Killed Xtahua
 45242 | Depths:3 | Enslaved Xtahua
 45287 | Depths:3 | Found a one-way gate to the infinite horrors of the Abyss.
 45305 | Depths:3 | Paralysed by a great orb of eyes for 6 turns
 45348 | Depths:3 | Found a runed translucent door.
 45351 | Depths:3 | Noticed a juggernaut
 45403 | Depths:3 | Killed a juggernaut
 46265 | Depths:4 | Found a runed translucent door.
 46266 | Depths:4 | Found a runed translucent door.
 46267 | Depths:4 | Noticed a caustic shrike
 46268 | Depths:4 | Found a runed translucent door.
 46298 | Depths:4 | Noticed a golden dragon
 46307 | Depths:4 | Received a gift from Yredelemnul (a vampire knight)
 46326 | Depths:4 | Killed a golden dragon
 46326 | Depths:4 | Reached XP level 23. HP: 88/240 MP: 31/31
 46532 | Depths:4 | Identified the Guide on Frigorific Venom
 46715 | Depths:4 | Your ally Xtahua died
 46718 | Depths:4 | Slain by an iron troll

Illustrated notes

Levels and vault maps discovered:
D:1:      erik_arrival_cave_to_civilisation [erik_arrival_cave_to_hall],
          layout_basic, serial_bayou, serial_bayou_pond_d, serial_bayou_pond_e,
          serial_bayou_ford_a, serial_bayou_lake_a
D:2:      layout_loops_ring, doesnt_xom_only_xom, uniq_jessica
D:3:      layout_basic, portal_sewer_entry_d, uniq_sigmund
D:4:      layout_loops_ring, serial_shops, shop, first_ration, uniq_duvessa,
          uniq_crazy_yiuf_cottage
D:5:      layout_layer_cave, gammafunk_temple_overflow_claw,
          minmay_temple_entry_mist, nemelex_xobeh_ov_fountains_minmay,
          uniq_eustachio
D:6:      layout_basic, kennysheep_little_box, lemuel_round_altar,
          kennysheep_mini, serial_shops, shop, serial_glass, glass_columns_a,
          glass_columns_c, glass_columns_a, glass_columns_c, glass_columns_a,
          glass_columns_b, glass_columns_b, glass_columns_c,
          kennysheep_generic_room_12
D:7:      layout_basic, lemuel_doored_altar, vehumet_crystals,
          nicolae_ossuary_entry_monument, uniq_harold
D:8:      layout_basic, basic_altar, uniq_prince_ribbit1
D:9:      layout_cave_pods, lemuel_round_altar, okawaru_gym_becter,
          lemuel_round_altar, zin_statuary, grunt_lair_entry_orc_guard_hut,
          grunt_livestock, uniq_erolcha
D:10:     layout_basic, basic_altar, uniq_snorg, uniq_maurice
D:11:     layout_basic, lightli_elemental_guards
D:12:     layout_irregular_city
D:13:     layout_cross, skrybe_vaults_entry_preservation
D:14:     layout_roguey, gauntlet_entry_generic, basic_altar, bh_walls_and_bars,
          gammafunk_ghost_grave
D:15:     grunt_enter_depths_hoard, layout_loops_ring, nicolae_sextant,
          enter_trove_0
Temple:   compressed_dpeg_triangle_lava_temple
Lair:1:   layout_regular_city, chequers_serial_rivers_micro_c,
          nicolae_quartered_pool_medium, serial_bayou_crossing,
          grunt_megastairs_4
Lair:2:   lemuel_slime, layout_long_grid, spider_nest_entry_web_field,
          beast_lair_carwin_4
Lair:3:   layout_hall_layers, elwin_shoals_entry_stream,
          grunt_forest_large_clearing_hut
Lair:4:   layout_cave_pods, ebering_ghost_disaster_area,
          minmay_lair_oklob_bushes, grunt_megastairs_2
Lair:5:   dpeg_oklob_gauntlet, layout_regular_city, minivault_11, st_stairs_5,
          dpeg_oklob_1
Shoals:1: layout_shoals
Shoals:2: layout_shoals
Shoals:3: layout_shoals, abandoned_shop
Shoals:4: shoals_end_simple, layout_shoals,
          portal_ice_cave_entry_ice_statue_one, serial_shops,
          bzr_entry_lakeside, uniq_nikola
Spider:1: layout_spider_delve, uniq_josephine, uniq_frances
Spider:2: layout_chambers
Spider:3: layout_spider_delve
Spider:4: grunt_spider_rune_circles, drop_trap
Orc:1:    layout_diamond_mine, serial_shops, nicolae_shop_crystal,
          minmay_orc_treasury, uniq_urug
Orc:2:    st_orc_rangers, layout_diamond_mine, uniq_donald
Vaults:1: grunt_vaults_diagonal, hangedman_vaults_slither,
          nicolae_vaults_alarming, vaults_mumra_chevron_long, v_rooms_5,
          ontoclasm_vaults_twist, hangedman_vaults_stretched_pinwheel, v_misc_2,
          ontoclasm_vaults_bender, ontoclasm_vaults_shout, v_misc_27,
          nicolae_vaults_little_squares_1, v_misc_8, vaults_room_pools,
          layout_vaults_maze_bifur
Vaults:2: minmay_crypt_entry_necro_gods, nicolae_vaults_little_ls,
          hangedman_vaults_capsules, hangedman_vaults_restitches,
          vaults_mumra_minichess_inversion, vaults_room_semicircle,
          layout_vaults_big_room, serial_shops, shop, uniq_mennas
Vaults:3: ontoclasm_vaults_ligature, hangedman_vaults_hat,
          hangedman_vaults_stitches, v_misc_25, ontoclasm_vaults_fault,
          ontoclasm_vaults_loading_screen, nicolae_vaults_display_case,
          vaults_dpeg_hooks, layout_vaults_omnigrid, uniq_margery
Vaults:4: grunt_vaults_hallway_short, nicolae_vaults_mini_display_case,
          grunt_vaults_swirl, v_misc_14, nicolae_vaults_little_squares_5,
          hangedman_vaults_slice, ontoclasm_vaults_eye, hangedman_vaults_stream,
          v_alt_pattern_6, vaults_mumra_lcd, nicolae_vaults_asterisk,
          hangedman_vaults_impose, layout_vaults_omnibox, uniq_frederick
Vaults:5: serial_shops
Depths:1: layout_cave_pools, minmay_misc_feat_tower, serial_shops,
          bzr_entry_road, hell_entry, minmay_shattered_shrine
Depths:2: hangedman_box_tower, layout_basic, enter_ziggurat_e,
          mu_enter_wizlab_6, hell_entry, grunt_decor_fettered,
          infiniplex_staircase_star, uniq_mara
Depths:3: grunt_twist_and_shout, layout_cave_pools, serial_shops, shop,
          abyss_entry, rand_demon_pan_entry_3, pf_coc_iceberg,
          hangedman_decor_growths, minmay_hidden_floor, uniq_xtahua
Depths:4: minmay_the_grid_triangle_9x9_recursive_3_mashed
          [minmay_the_grid_triangle_9x9_longest,
          minmay_the_grid_triangle_9x9_steps,
          minmay_the_grid_triangle_9x9_stretched_checkered,
          minmay_the_grid_triangle_9x9_prize_center,
          minmay_the_grid_triangle_9x9_from_above,
          minmay_the_grid_triangle_9x9_fully_insulated_deathbox,
          minmay_the_grid_triangle_9x9_swiss_cheese,
          minmay_the_grid_triangle_9x9_minimal,
          minmay_the_grid_triangle_9x9_descending_squares], layout_basic,
          hell_entry, abyss_entry, serial_bayou_shore_b

Skill      XL: |  1  2  3  4  5  6  7  8  9 10 11 12 13 14 15 16 17 18 19 20 21 22 23 |
---------------+----------------------------------------------------------------------+-----
Dodging        | 3 4 6 7 9 10 | 10.5
Unarmed Combat | 4 6 7 9 10 11 12 13 14 15 16 17 18 19 20 | 20.8
Invocations    | 1 4 5 7 8 9 10 11 12 | 12.0
Fighting       | 3 4 6 7 9 10 11 12 13 14 15 16 | 16.6
Armour         | 4 6 7 9 10 11 12 13 14 | 14.1
Shields        | 3 5 7 9 10 11 12 13 14 | 14.1
Stealth        | |  1.3

Action                   |  1- 3 |  4- 6 |  7- 9 | 10-12 | 13-15 | 16-18 | 19-21 | 22-24 || total
-------------------------+-------+-------+-------+-------+-------+-------+-------+-------++-------
Melee: Unarmed           |    87 |   132 |   361 |   500 |   908 |  1323 |   789 |   493 ||  4593
       Punch             |       |       |    20 |    38 |    17 |       |       |       ||    75
Invok: Animate Remains   |       |       |     1 |       |       |       |       |       ||     1
       Animate Dead      |       |       |     4 |     7 |    16 |    22 |     6 |     3 ||    58
       Recall Undead Sla |       |       |     1 |     5 |     7 |     2 |     3 |       ||    18
       Drain Life        |       |       |       |       |     8 |     5 |     3 |     3 ||    19
       Enslave Soul      |       |       |       |       |     2 |     1 |       |     2 ||     5
Evoke: Wand              |       |       |       |       |     5 |     3 |       |     2 ||    10
  Use: Scroll            |     3 |     5 |     8 |     6 |    24 |     5 |     6 |       ||    57
       Potion            |       |     4 |       |     1 |     9 |    12 |     2 |     2 ||    30
 Stab: Sleeping          |     2 |     1 |       |     6 |     4 |       |       |       ||    13
       Distracted        |       |       |       |     4 |    15 |    26 |    19 |    15 ||    79
       Confused          |       |       |       |       |     1 |       |       |       ||     1
       Paralysed         |       |       |       |       |     1 |       |     6 |       ||     7
       Invisible         |       |       |       |       |       |     1 |       |       ||     1
  Eat: Chunk             |    16 |    11 |    43 |    78 |   104 |   102 |    53 |    37 ||   444
       Ration            |       |       |       |       |     5 |     1 |       |       ||     6
Armor: Robe              |    28 |    34 |    83 |   115 |    57 |       |       |       ||   317
       Ice dragon scales |       |       |       |       |   444 |   595 |   344 |   188 ||  1571
Dodge: Dodged            |    52 |    78 |   157 |   287 |   368 |   358 |   183 |   117 ||  1600
Block: Kite shield       |       |       |       |       |   379 |   709 |   399 |   259 ||  1746
       Reflection        |       |       |       |       |       |       |    12 |     6 ||    18

Table legend:
 A = Non-vault XP
 B = Vault XP
 C = Vault XP percentage of total XP
 D = Non-vault monster count
 E = Vault monster count
 F = Vault count percentage of total count
                 A         B        C        D         E       F
            +---------+---------+-------+---------+---------+-------
      Total |  374258 |  368432 |  49.6 |    1251 |     608 |  32.7
            +---------+---------+-------+---------+---------+-------
        D:1 |      49 |       0 |   0.0 |      18 |       0 |   0.0
        D:2 |      79 |      37 |  31.9 |      21 |       1 |   4.5
        D:3 |     261 |     233 |  47.2 |      18 |       2 |  10.0
        D:4 |     235 |     270 |  53.5 |      10 |       3 |  23.1
        D:5 |     306 |     191 |  38.4 |       9 |       1 |  10.0
        D:6 |     626 |      43 |   6.4 |      26 |       1 |   3.7
        D:7 |     920 |     983 |  51.7 |      23 |       1 |   4.2
        D:8 |    1966 |     134 |   6.4 |      24 |       1 |   4.0
        D:9 |    1219 |    2535 |  67.5 |      31 |      12 |  27.9
       D:10 |    1870 |    1095 |  36.9 |      24 |       2 |   7.7
       D:11 |    3495 |     273 |   7.2 |      34 |       2 |   5.6
       D:12 |    3977 |       0 |   0.0 |      34 |       0 |   0.0
       D:13 |    2506 |    3313 |  56.9 |      19 |       9 |  32.1
       D:14 |    4590 |       0 |   0.0 |      16 |       0 |   0.0
       D:15 |   10612 |    1776 |  14.3 |      45 |       2 |   4.3
     Lair:1 |    3968 |     438 |   9.9 |      25 |       4 |  13.8
     Lair:2 |    2001 |    1239 |  38.2 |      16 |      31 |  66.0
     Lair:3 |    2165 |    1674 |  43.6 |      13 |       7 |  35.0
     Lair:4 |    1992 |    1877 |  48.5 |      12 |       9 |  42.9
     Lair:5 |    4071 |    2784 |  40.6 |      18 |       8 |  30.8
   Shoals:1 |   12816 |       0 |   0.0 |      34 |       0 |   0.0
   Shoals:2 |    4889 |       0 |   0.0 |      16 |       0 |   0.0
   Shoals:3 |    5976 |       0 |   0.0 |      24 |       0 |   0.0
   Shoals:4 |    9655 |   17158 |  64.0 |      36 |      36 |  50.0
   Spider:1 |   13288 |    2660 |  16.7 |      52 |       5 |   8.8
   Spider:2 |    7690 |       0 |   0.0 |      21 |       0 |   0.0
   Spider:3 |    9178 |       0 |   0.0 |      33 |       0 |   0.0
   Spider:4 |   15295 |   15780 |  50.8 |      55 |      37 |  40.2
      Orc:1 |    3266 |    6691 |  67.2 |      47 |      39 |  45.3
      Orc:2 |    1267 |    3645 |  74.2 |      19 |      37 |  66.1
   Vaults:1 |   30631 |   19272 |  38.6 |      57 |      46 |  44.7
   Vaults:2 |   29745 |   12589 |  29.7 |      68 |      11 |  13.9
   Vaults:3 |   23976 |   13789 |  36.5 |      60 |      28 |  31.8
   Vaults:4 |   42035 |   42430 |  50.2 |      86 |      49 |  36.3
   Vaults:5 |   17428 |   66819 |  79.3 |      40 |      59 |  59.6
   Depths:1 |   33379 |   13686 |  29.1 |      52 |      13 |  20.0
   Depths:2 |   17175 |   83276 |  82.9 |      28 |      65 |  69.9
   Depths:3 |   23770 |   21043 |  47.0 |      47 |      13 |  21.7
   Depths:4 |   25891 |   26378 |  50.5 |      40 |      21 |  34.4
      Sewer |       0 |     123 | 100.0 |       0 |       9 | 100.0
    Ossuary |       0 |     676 | 100.0 |       0 |      33 | 100.0
   Gauntlet |       0 |    3522 | 100.0 |       0 |      11 | 100.0
            +---------+---------+-------+---------+---------+-------
